 Dungeon Crawl Stone Soup version 0.31.0-4-g52a2dc7128 (webtiles) character file.

Game seed: 18294711090516817997

75621 Armakuni the Marksnaga (level 15, -16/138 HPs)
             Began as a Naga Monk on Jan 21, 2024.
             Was a High Priest of the Shining One.
             Demolished by a spark wasp (18 damage)
             ... led by a torpor snail
             ... on level 1 of the Spider Nest.
             The game lasted 00:58:45 (18806 turns).

Armakuni the Marksnaga (Naga Monk)                 Turns: 18806, Time: 00:58:45

Health: -16/138    AC: 10    Str: 14    XL:     15   Next: 50%
Magic:  22/25      EV: 18    Int: 10    God:    the Shining One [*****.]
Gold:   1470       SH:  0    Dex: 21    Spells: 6/14 levels left

rFire   . . .        a - +8 longbow (heavy)
rCold   . . .        (shield currently unavailable)
rNeg    + + .        q - +1 robe {Will+}
rPois   +            e - +2 hat {Stlth+}
rElec   .            y - scarf {repulsion}
rCorr   .            T - +0 pair of gloves
SInv    +            (no barding)
Will    +++..        M - amulet of magic regeneration
Stlth   +            E - +5 ring of evasion
HPRegen 0.43/turn    W - ring of willpower
MPRegen 0.59/turn

%: repel missiles
@: slowed, glowing, studying Conjurations, very slow
A: AC +5, large, see invisible, deformed body, poison resistance, slowness 2,
spit poison 1, naga tail 2
a: Spit Poison, Renounce Religion, Divine Shield, Cleansing Flame, Summon Divine
Warrior


You were on level 1 of the Spider Nest.
You worshipped the Shining One.
The Shining One was extremely pleased with you.
You visited 4 branches of the dungeon, and saw 22 of its levels.
You also visited: Ossuary and Gauntlet.

You collected 1745 gold pieces.
You spent 275 gold pieces at shops.

Inventory:

Hand Weapons
 a - a +8 heavy longbow (weapon)
 b - the +9 sling "Apne" {flame, Fly}
   (You found it on level 2 of the Dungeon)

   Fly:       It grants you flight.
 x - the +1 long sword "Zytribeu" {protect, rElec Int+4 Dex+2}
   (You found it on level 6 of the Dungeon)

   Int+4:     It affects your intelligence (+4).
   Dex+2:     It affects your dexterity (+2).
   rElec:     It insulates you from electricity.
 B - the +4 quarterstaff of Proximity {venom, rC++}
   (You found it on level 6 of the Dungeon)

   rC++:      It greatly protects you from cold.
Missiles
 j - 3 throwing nets
 o - 2 curare-tipped darts
Armour
 e - a +2 hat of stealth (worn)
 l - the +3 robe of the Harp {rF+}
   (You found it in a Gauntlet)

   rF+:       It protects you from fire.
 q - a +1 robe of willpower (worn)
 y - a scarf of repulsion (worn)
 T - a +0 pair of gloves (worn)
Jewellery
 E - a +5 ring of evasion (left hand)
 J - a ring of protection from cold
 M - an amulet of magic regeneration (around neck)
 W - a ring of willpower (right hand)
Wands
 k - a wand of digging (11)
 n - a wand of mindburst (1)
 p - a wand of paralysis (32)
 v - a wand of flame (6)
 C - a wand of light (11)
 I - a wand of iceblast (1)
 R - a wand of polymorph (9)
Scrolls
 c - 3 scrolls of teleportation
 h - 3 scrolls of poison
 s - 4 scrolls of enchant armour
 w - 2 scrolls of amnesia
 z - 4 scrolls of revelation
 F - a scroll of enchant weapon
 G - a scroll of fear
 H - a scroll of identify
 K - a scroll of fog
 L - a scroll of blinking
 O - a scroll of silence
 Q - a scroll of vulnerability
 S - a scroll of immolation
Potions
 d - 2 potions of lignification
 f - 6 potions of resistance
 g - 6 potions of curing
 i - 2 potions of brilliance
 r - 5 potions of heal wounds
 t - 2 potions of might
 u - a potion of mutation
 A - a potion of enlightenment
 D - a potion of magic
 N - a potion of berserk rage {unknown}
 P - 2 potions of haste
 U - a potion of cancellation {unknown}
Miscellaneous
 m - a phantom mirror


   Skills:
 - Level 10.0 Fighting
 - Level 4.5 Long Blades
 - Level 20.0 Ranged Weapons
 - Level 5.0 Armour
 - Level 6.0 Dodging
 + Level 13.9 Invocations


You had 6 spell levels left.
You knew the following spells:

 Your Spells              Type           Power      Damage    Failure   Level
b - Blink                 Tloc           0%         N/A       50%         2
d - Leda's Liquefaction   Alch/Erth      0%         N/A       98%         4
l - Lesser Beckoning      Tloc           0%         N/A       50%         2

Your spell library contained the following spells:

 Spells                   Type           Power      Damage    Failure   Level
 Apportation              Tloc           0%         N/A       36%         1
 Sting                    Conj/Alch      0%         1d3       36%         1
 Ensorcelled Hibernation  Hex/Ice        0%         N/A       50%         2
 Jinxbite                 Hex            0%         N/A       50%         2
 Mercury Vapours          Alch/Air       0%         N/A       50%         2
 Momentum Strike          Conj/Tloc      0%         3d8       50%         2
 Sublimation of Blood     Necr           0%         N/A       50%         2
 Dazzling Flash           Conj/Hex       0%         N/A       75%         3
 Frozen Ramparts          Ice            0%         1d1       75%         3
 Gell's Gravitas          Tloc           0%         N/A       75%         3
 Mephitic Cloud           Conj/Alch/Air  0%         N/A       75%         3
 Passwall                 Erth           0%         N/A       75%         3
 Swiftness                Air            0%         N/A       75%         3
 Tukima's Dance           Hex            0%         N/A       75%         3
 Volatile Blastmotes      Fire/Tloc      0%         2d10      75%         3
 Anguish                  Hex/Necr       0%         N/A       98%         4
 Animate Armour           Summ/Erth      0%         N/A       98%         4
 Cause Fear               Hex            0%         N/A       98%         4
 Dimensional Bullseye     Hex/Tloc       0%         N/A       98%         4
 Iskenderun's Mystic Bla  Conj/Tloc      0%         2d3       98%         4
 Manifold Assault         Tloc           0%         N/A       98%         4
 Olgreb's Toxic Radiance  Alch           0%         N/A       98%         4
 Passage of Golubria      Tloc           0%         N/A       98%         4
 Petrify                  Alch/Erth      0%         N/A       98%         4
 Summon Lightning Spire   Summ/Air       0%         N/A       98%         4
 Alistair's Intoxication  Alch           0%         N/A       100%        5
 Freezing Cloud           Conj/Ice/Air   0%         6-21      100%        5
 Irradiate                Conj/Alch      0%         3d11      100%        5
 Lee's Rapid Deconstruct  Erth           0%         3d4*      100%        5
 Metabolic Englaciation   Hex/Ice        0%         N/A       100%        5
 Dispersal                Tloc           0%         N/A       100%        6
 Starburst                Conj/Fire      0%         6d3       100%        6
 Enfeeble                 Hex            0%         N/A       100%        7
 Disjunction              Tloc           0%         N/A       100%        8
 Maxwell's Capacitive Co  Air            0%         ∞         100%        8


Dungeon Overview and Level Annotations

Branches:
Dungeon (15/15)            Temple (1/1) D:7            Lair (5/5) D:9
 Shoals (0/4) Lair:2       Spider (1/4) Lair:2        Slime (0/5) Lair:4
    Orc (0/2) D:11         Vaults (0/5) D:13        Ossuary (visited)
Gauntlet (visited)
 Depths: D:15

Altars:
Ashenzari
Cheibriados
Dithmenos
Elyvilon
Fedhas
Gozag
Hepliaklqana
Kikubaaqudgha
Makhleb
Nemelex Xobeh
Okawaru
Qazlal
Ru
Sif Muna
Trog
Uskayaw
Vehumet
Wu Jian
Xom
Yredelemnul
Zin
The Shining One
Jiyva

Shops:
D:3 =   D:9 *   D:10 (

Annotations:
D:10 3 runed translucent doors, exclusion: 3 doors, EnegeticOcto's ghost, journeyman MiFi; Gobbopathe's ghost, novice OpSh


Innate Abilities, Weirdness & Mutations

Your serpentine skin is tough. (AC +5)
You have supernaturally acute eyesight. (SInv)
Armour fits poorly on your strangely shaped body.
Your system is resistant to poisons. (rPois)
You cover ground very slowly.
You can spit poison.
You can use your snake-like lower body to constrict enemies.


Message History

The spark wasp is lightly wounded.
The spark wasp barely misses you. The spark wasp stings you.
The spark wasp shocks you!
The jumping spider simulacrum completely misses you.
The jumping spider simulacrum bites you.
The jumping spider simulacrum freezes you!!
The spark wasp stings you!! The spark wasp shocks you!
The jumping spider simulacrum pounces on you but does no damage.
The jumping spider simulacrum bites you.
The jumping spider simulacrum freezes you!!
* * * LOW HITPOINT WARNING * * *
You are too injured to fight recklessly!
Okay, then.
Unknown command.
Activating: Cleansing Flame (1% risk of failure)
Press: ? - help, Dir - look around, f - activate The golden flame engulfs you but does no damage.
You resist.
The golden flame engulfs the spark wasp!
The spark wasp is lightly wounded.
The golden flame engulfs the jumping spider simulacrum!!!
The jumping spider simulacrum writhes in agony!
The jumping spider simulacrum vaporises!
The spark wasp misses you. The spark wasp closely misses you.
Aiming: Bolt of Light
Press: ? - help, Shift-Dir - straight line, f - spark wasp
Aim: a spark wasp (lightly wounded, soul bound, haloed, 71% to hit)
The bolt of light hits the spark wasp.
The spark wasp is lightly wounded.
The spark wasp is blinded.
The spark wasp completely misses you. The spark wasp stings you!
* * * LOW HITPOINT WARNING * * *
The spark wasp shocks you!
* * * LOW HITPOINT WARNING * * *
You feel much better. The spark wasp stings you!
* * * LOW HITPOINT WARNING * * *
The spark wasp shocks you!
* * * LOW HITPOINT WARNING * * *
The spark wasp stings you!!
You die...

...........
.............# ....
.......... ...# ....
...>...... ..^ # ..†..
..)............#.
.w...
................#
......
..............#.##....
.............##.#.^#
#............#..@#
####^.^........y##
..#####.........##
......##..#.#....##
...........#......#
........##.........#
.........#.........#
.........#..........#
.........#.#.........^


You could see a spark wasp (soul bound, blind, unable to see you) and a torpor
snail (soul bound).

Vanquished Creatures
  A minotaur (Gauntlet)
  5 hydras
  2 centaur warriors
  A boulder beetle (Spider:1)
  2 death knights
  A death yak (Lair:5)
  A tengu warrior (D:12)
  2 two-headed ogres
  Urug (Lair:5)
  A hell hog (Gauntlet)
  A skyshark (Lair:5)
  5 sixfirhies (Gauntlet)
  A pharaoh ant (Spider:1)
  A goliath frog (Lair:5)
  An orb spider (Spider:1)
  A phantasmal warrior (D:14)
  Pikel (D:5)
  A wolf spider (Spider:1)
  An orc knight (D:13)
  4 deep elf pyromancers
  A steelbarb worm (Spider:1)
  An oklob plant (Lair:2)
  6 ugly things (D:14)
  6 cyclopes
  2 manticores
  A torpor snail (Spider:1)
  14 elephants
  4 black mambas
  20 cane toads
  2 kobold demonologists
  3 yaktaurs (D:15)
  A rime drake (Lair:5)
  3 unseen horrors
  3 freezing wraiths
  9 komodo dragons
  3 trolls
  2 tyrant leeches (Lair:5)
  A merfolk (Lair:2)
  2 hornets
  Prince Ribbit (D:6)
  A tarantella (Spider:1)
  Grinder (D:6)
  A polar bear (Lair:5)
  31 blink frogs
  2 jumping spiders (Spider:1)
  11 slime creatures
  2 culicivoras (Spider:1)
  A centaur simulacrum (D:12)
  A shadow (D:12)
  A wraith (D:12)
  5 fire bats
  A vampire (D:12)
  43 yaks
  2 basilisks
  A warg (shapeshifter) (D:14)
  3 wyverns
  15 vampire mosquitoes
  5 redbacks (Spider:1)
  2 acid dragons
  10 water moccasins
  2 hell hounds (Gauntlet)
  Duvessa (D:6)
  6 orc warriors
  A sky beast (D:7)
  2 ice beasts (D:6)
  2 ogres
  2 centaurs
  A lemure (D:4)
  5 wolves (Lair:3)
  A phantom (D:6)
  2 kobold brigands (D:13)
  18 bullfrogs
  4 scorpions
  3 wights (D:8)
  Dowan (D:6)
  15 killer bees
  7 howler monkeys
  3 electric eels
  3 bullfrog zombies (Ossuary)
  2 hounds
  2 bombardier beetles
  A gnoll bouda (D:10)
  8 orc priests
  8 jellies
  10 mummies (Ossuary)
  A sleepcap (D:7)
  2 iguanas
  11 orc wizards
  2 killer bee zombies (Ossuary)
  2 crocodile zombies (Ossuary)
  4 hound zombies (Ossuary)
  A howler monkey zombie (Ossuary)
  7 gnolls
  6 adders
  A river rat (D:3)
  A shadow imp (D:5)
  4 white imps
  3 ufetubi (Gauntlet)
  A dart slug (D:1)
  4 ribbon worms
  32 orcs
  12 ball pythons
  10 endoplasms
  3 giant cockroaches
  11 goblins
  7 hobgoblins
  4 jackals (D:2)
  6 quokkas
  3 ball python zombies (Ossuary)
  6 bats
  5 frilled lizards
  9 kobolds
  10 rats
536 creatures vanquished.

Vanquished Creatures (collateral kills)
  3 death yaks (Lair:5)
  2 cane toads (Lair:5)
  2 yaktaurs (D:13)
  2 kobold demonologists (D:11)
  2 orc warriors (D:11)
  A centaur (D:13)
  3 wolves (Lair:5)
  3 kobold brigands
  An orc priest (D:11)
  2 orc wizards
  4 orcs (D:11)
25 creatures vanquished.

Grand Total: 561 creatures vanquished

Notes
Turn   | Place    | Note
-------+----------+-------------------------------------------
     0 | D:1      | Armakuni the Naga Monk began the quest for the Orb.
     0 | D:1      | Reached XP level 1. HP: 21/21 MP: 1/1
   150 | D:1      | Reached XP level 2. HP: 14/28 MP: 2/2
   474 | D:1      | Reached XP level 3. HP: 30/34 MP: 3/3
   937 | D:2      | Identified the +9 sling "Apne" {flame, Fly}
  1013 | D:2      | Reached skill level 1 in Ranged Weapons
  1078 | D:2      | Reached XP level 4. HP: 39/42 MP: 4/4
  1792 | D:3      | Reached skill level 2 in Ranged Weapons
  1857 | D:3      | Reached skill level 3 in Ranged Weapons
  1886 | D:3      | Reached XP level 5. HP: 49/49 MP: 5/5
  2155 | D:3      | Found a broken altar of Ashenzari.
  2251 | D:3      | Reached skill level 4 in Ranged Weapons
  2348 | D:3      | Found Weimn's Jewellery Emporium.
  2485 | D:3      | Found a faded altar of an unknown god.
  2672 | D:4      | Reached skill level 5 in Ranged Weapons
  2772 | D:4      | Found an iron altar of Okawaru.
  2839 | D:4      | Reached XP level 6. HP: 56/56 MP: 6/6
  2922 | D:5      | Entered Level 5 of the Dungeon
  2930 | D:5      | Reached skill level 6 in Ranged Weapons
  2992 | D:5      | Reached skill level 7 in Ranged Weapons
  3017 | D:5      | Reached skill level 8 in Ranged Weapons
  3017 | D:5      | Reached XP level 7. HP: 62/62 MP: 7/7
  3180 | D:5      | Reached skill level 9 in Ranged Weapons
  3241 | D:5      | Identified a scroll of acquirement
  3241 | D:5      | Acquired a +4 heavy longbow
  3252 | D:5      | Noticed Pikel
  3313 | D:5      | Reached skill level 10 in Ranged Weapons
  3318 | D:5      | Killed Pikel
  3319 | D:5      | Reached skill level 11 in Ranged Weapons
  3319 | D:5      | Reached XP level 8. HP: 52/69 MP: 8/8
  3581 | D:6      | Found a sand-covered staircase.
  3590 | Ossuary  | Entered an ossuary
  3597 | Ossuary  | Reached skill level 12 in Ranged Weapons
  3766 | Ossuary  | Reached skill level 13 in Ranged Weapons
  3766 | Ossuary  | Reached XP level 9. HP: 75/75 MP: 9/9
  3974 | D:6      | Identified the +1 long sword "Zytribeu" {protect, rElec
                  | Int+4 Dex+2}
  4260 | D:6      | Found a sparkling altar of Nemelex Xobeh.
  4260 | D:6      | Found an opulent altar of Gozag.
  4361 | D:6      | Identified the +4 quarterstaff of Proximity {venom, rC++}
  4425 | D:6      | Identified the +4 short sword of the Inviting Whale {flame,
                  | ^Drain rPois rC+ Stlth+}
  4428 | D:6      | Noticed Prince Ribbit
  4434 | D:6      | Killed Prince Ribbit
  4435 | D:6      | Reached skill level 14 in Ranged Weapons
  4498 | D:6      | Noticed Duvessa
  4499 | D:6      | Noticed Dowan
  4503 | D:6      | Killed Duvessa
  4507 | D:6      | Killed Dowan
  4612 | D:6      | Noticed Grinder
  4618 | D:6      | Killed Grinder
  4881 | D:7      | Identified the +5 war axe "Death Rattle" {holy, rCorr Int+4
                  | SInv}
  5009 | D:7      | Found a staircase to the Ecumenical Temple.
  5020 | Temple   | Entered the Ecumenical Temple
  5052 | Temple   | Became a worshipper of the Shining One
  5052 | Temple   | Reached * piety under the Shining One
  5052 | Temple   | Reached ** piety under the Shining One
  5200 | D:7      | Reached XP level 10. HP: 79/84 MP: 10/10
  5278 | D:7      | Found a hazy altar of Hepliaklqana.
  5638 | D:8      | Reached skill level 15 in Ranged Weapons
  6505 | D:9      | Identified the +0 mace "Ugoc" {freeze, rF- Will+ rCorr
                  | Dex+8}
  6578 | D:9      | Found a shadowy altar of Dithmenos.
  6689 | D:9      | Found a staircase to the Lair.
  6894 | D:9      | Found a viscous altar of Jiyva.
  6901 | D:9      | Found Oralekh's General Store.
  7017 | D:10     | Entered Level 10 of the Dungeon
  7026 | D:9      | Reached skill level 16 in Ranged Weapons
  7026 | D:9      | Reached skill level 1 in Invocations
  7569 | D:10     | Found a runed translucent gate.
  7569 | D:10     | Found a runed translucent gate.
  7569 | D:10     | Found a runed translucent gate.
  7570 | D:10     | Noticed Gobbopathe's ghost (novice OpSh)
  7570 | D:10     | Noticed EnegeticOcto's ghost (journeyman MiFi)
  7584 | D:10     | Noticed a cyclops
  7589 | D:10     | Killed a cyclops
  7590 | D:10     | Noticed a six-headed hydra
  7590 | D:10     | Reached *** piety under the Shining One
  7597 | D:10     | Killed a six-headed hydra
  7598 | D:10     | Reached XP level 11. HP: 55/90 MP: 12/14
  7704 | D:10     | Noticed a two-headed ogre
  7710 | D:10     | Killed a two-headed ogre
  7769 | D:10     | Found Ojuhoywn's Hydra Hut.
  7769 | D:10     | Noticed a five-headed hydra
  8093 | D:11     | Reached skill level 17 in Ranged Weapons
  8093 | D:11     | Noticed a soul eater
  8709 | D:11     | Found a staircase to the Orcish Mines.
  9370 | D:12     | Reached skill level 5 in Invocations
  9423 | D:12     | Noticed a cyclops
  9426 | D:12     | Noticed a death knight
  9439 | D:12     | Reached skill level 18 in Ranged Weapons
  9440 | D:12     | Killed a death knight
  9441 | D:12     | Reached XP level 12. HP: 59/97 MP: 14/16
  9443 | D:12     | Reached **** piety under the Shining One
  9566 | D:13     | Noticed a centaur warrior
  9568 | D:13     | Killed a centaur warrior
  9646 | D:13     | The Shining One protects you from harm!
  9647 | D:13     | The Shining One protects you from harm!
  9683 | D:13     | Found a gate leading to a gauntlet.
  9693 | Gauntlet | Entered a Gauntlet
  9693 | Gauntlet | Found a transporter.
  9693 | Gauntlet | Found a transporter.
  9815 | Gauntlet | Found a transporter.
  9815 | Gauntlet | Found a transporter.
  9819 | Gauntlet | Found a transporter.
  9851 | Gauntlet | Found a transporter.
  9853 | Gauntlet | Found a transporter.
  9853 | Gauntlet | Found a transporter.
  9866 | Gauntlet | Noticed a balrug
  9868 | Gauntlet | Found a transporter.
  9883 | Gauntlet | Found a transporter.
  9892 | Gauntlet | Noticed a hell hog
  9893 | Gauntlet | Found a transporter.
  9907 | Gauntlet | Found a transporter.
  9941 | Gauntlet | Found a transporter.
  9942 | Gauntlet | Noticed a tengu warrior
  9958 | Gauntlet | Found a transporter.
 10183 | Gauntlet | Identified the staff of Patience {rPois Str-3 Dex+3 Summ
                  | Earth}
 10208 | Gauntlet | Killed a hell hog
 10316 | Gauntlet | Noticed a minotaur
 10324 | Gauntlet | Killed a minotaur
 10335 | Gauntlet | Identified the +3 robe of the Harp {rF+}
 10355 | Gauntlet | Identified the +0 short sword of Valiance {speed, *Rage
                  | Dex+4 Stlth+}
 10359 | Gauntlet | Got the Catalogue of Angles
 10372 | D:12     | Noticed a two-headed ogre
 10520 | D:13     | Reached skill level 19 in Ranged Weapons
 10555 | D:13     | Found a gate to the Vaults.
 10628 | D:13     | Gained mutation: You can use your snake-like lower body to
                  | constrict enemies. [Naga growth]
 10628 | D:13     | Reached XP level 13. HP: 103/103 MP: 20/20
 10632 | D:13     | Reached skill level 10 in Invocations
 11305 | D:12     | Learned a level 2 spell: Blink
 11308 | D:12     | Learned a level 2 spell: Lesser Beckoning
 12692 | D:15     | Entered Level 15 of the Dungeon
 12870 | Lair:1   | Entered Level 1 of the Lair of Beasts
 13067 | Lair:1   | Reached skill level 20 in Ranged Weapons
 13124 | Lair:1   | Reached XP level 14. HP: 84/111 MP: 23/23
 13386 | Lair:1   | Learned a level 4 spell: Leda's Liquefaction
 14638 | Lair:2   | Found a staircase to the Shoals.
 14642 | Lair:2   | Reached skill level 5 in Fighting
 14892 | Lair:2   | Found a hole to the Spider Nest.
 15243 | Lair:3   | You fall into a shaft and drop 1 floor!
 15926 | Lair:4   | Found a glowing golden altar of the Shining One.
 15952 | Lair:4   | Found a staircase to the Slime Pits.
 15952 | Lair:4   | Found a viscous altar of Jiyva.
 15997 | Lair:4   | Reached ***** piety under the Shining One
 16002 | Lair:4   | Reached skill level 5 in Dodging
 16123 | Lair:4   | Reached skill level 1 in Armour
 16858 | Lair:5   | Entered Level 5 of the Lair of Beasts
 16983 | Lair:5   | Noticed Urug
 16992 | Lair:5   | Killed Urug
 17025 | Lair:5   | Reached skill level 5 in Armour
 17182 | Lair:5   | Reached XP level 15. HP: 129/129 MP: 24/24
 17655 | Lair:5   | Reached skill level 10 in Fighting
 18256 | D:3      | Bought a ring of willpower for 275 gold pieces
 18439 | Spider:1 | Entered Level 1 of the Spider Nest
 18806 | Spider:1 | HP: 2/138 [spark wasp[a torpor snail] (15)]
 18806 | Spider:1 | Demolished by a spark wasp

Illustrated notes

Levels and vault maps discovered:
D:1:      dpeg_arrival_fog, layout_rooms
D:2:      layout_loops_corners, kennysheep_nub, serial_bayou_crossing
D:3:      layout_loops_ring, ashenzari_altar_1,
          shapermc_ecumenical_altar_acropolis, serial_shops, shop_statue,
          lightli_sewer_entry_pipes, minmay_fractal_squares_5
D:4:      layout_rooms, kennysheep_mini, minmay_misc_feat_encased
D:5:      layout_cave_pools, uniq_pikel
D:6:      layout_loops_corners, grunt_temple_overflow_opulence, enter_ossuary_3,
          uniq_grinder, uniq_prince_ribbit1, uniq_duvessa
D:7:      layout_cave_pools, mainiacjoe_overflow_alcove_1,
          minmay_temple_entry_purple_smoke
D:8:      layout_basic
D:9:      layout_rooms, lemuel_tele_altar, lair_entry_dummy, serial_shops,
          nicolae_shop_tiny_real_fake_doors, jiyva_altar_1
D:10:     layout_rooms, gammafunk_ghost_cemetery, doesnt_shop_hydraphobe
D:11:     layout_loops_ring, david_orc_4, fountainhead
D:12:     cheibrodos_fzero, layout_basic, minmay_strange_pillars
D:13:     layout_roguey, hangedman_vaults_entry_quadrant_bands,
          gauntlet_entry_generic
D:14:     layout_loops_ring, dk_noncrumbling_3
D:15:     hangedman_depths_entry_civil_slaughter, layout_irregular_city,
          serial_co_window_serial, co_window_corner_a, co_window_corner_a,
          co_window_cross_1, co_window_corner_a, co_window_paths_a,
          co_window_unsneaky_path_c, co_window_paths_c,
          co_window_of_opportunity_b, co_window_unsneaky_path_e,
          co_window_4corner_a, minmay_beelzebubs_servants, uniq_roxanne,
          uniq_nessos, uniq_rupert
Temple:   kb_temple_of_zot
Lair:1:   layout_roguey, nicolae_volcano_entry_batcave, grunt_megastairs_3
Lair:2:   layout_roguey, elwin_shoals_entry_rooms, dummy_spider_entry
Lair:3:   layout_small_grid, st_stairs_10, chequers_serial_rivers_micro_a,
          serial_bayou_shore_b
Lair:4:   layout_regular_city, minmay_slime_entry_pillars, basic_altar,
          lemuel_fruit_fields
Lair:5:   minmay_lair_end_frog_pond, layout_regular_city,
          chequers_serial_rivers_marsh, uniq_urug
Spider:1: layout_chambers, drop_trap

Skill      XL: |  1  2  3  4  5  6  7  8  9 10 11 12 13 14 15 |
---------------+----------------------------------------------+-----
Long Blades    | 4 |  4.5
Ranged Weapons | 1 3 5 8 11 13 14 16 18 19 20 | 20.0
Invocations    | 4 6 9 13 | 13.9
Dodging        | 6 |  6.0
Fighting       | 7 10 | 10.0
Armour         | 5 |  5.0

Action                     |  1- 3 |  4- 6 |  7- 9 | 10-12 | 13-15 || total
---------------------------+-------+-------+-------+-------+-------++-------
  Melee: Falchion          |    95 |       |       |       |       ||    95
   Fire: Sling             |     7 |   125 |   214 |   257 |       ||   603
         Longbow           |       |       |       |   124 |   642 ||   766
 Invoke: Divine Shield     |       |       |       |     9 |     6 ||    15
         Cleansing Flame   |       |       |       |     3 |     2 ||     5
Ability: Spit Poison       |     1 |       |       |       |       ||     1
  Evoke: Wand              |       |       |       |       |     3 ||     3
    Use: Potion            |     1 |       |       |     5 |     1 ||     7
         Scroll            |     1 |     7 |     9 |    19 |     7 ||    43
 Armour: Robe              |    71 |     8 |    37 |   174 |   165 ||   455
         Leather armour    |       |       |       |    15 |       ||    15
  Dodge: Dodged            |    56 |     6 |    23 |   111 |   114 ||   310
         Repelled          |       |       |     2 |     2 |     2 ||     6
  Block: Other             |       |       |       |    20 |    14 ||    34
